 Dungeon Crawl Stone Soup version 0.25.1-2-g60ff931df9 (webtiles) character file.

Game seed: 13240439079101985394

5892 queenofzan the Cleaver (level 10, -6/136 HPs)
             Began as a Minotaur Berserker on Oct 29, 2020.
             Was an Elder of Trog.
             Mangled by Snorg (9 damage)
             ... on level 10 of the Dungeon.
             The game lasted 00:13:45 (8877 turns).

queenofzan the Cleaver (Minotaur Berserker)         Turns: 8877, Time: 00:13:45

Health: -6/136     AC:  8    Str: 22    XL:     10   Next: 53%
Magic:  9/9        EV: 15    Int:  4    God:    Trog [****..]
Gold:   471        SH:  0    Dex: 13    Spells: 9/9 levels left

rFire    . . .     SeeInvis .   a - +3 hand axe
rCold    . . .     Gourm    .   (no shield)
rNeg     . . .     Faith    .   g - +0 ring mail
rPois    .         Spirit   .   (helmet restricted)
rElec    .         Reflect  .   r - +0 cloak
rCorr    .         Harm     .   (no gloves)
MR       ++...                  (no boots)
Stlth    ..........             q - amulet of regeneration
HPRegen  1.72/turn              (no ring)
MPRegen  0.11/turn              (no ring)

@: berserking, regenerating, very quick
A: retaliatory headbutt, horns 2
a: Berserk, Trog's Hand, Brothers in Arms, Renounce Religion


You were on level 10 of the Dungeon.
You worshipped Trog.
Trog was greatly pleased with you.
You were hungry.

You visited 2 branches of the dungeon, and saw 11 of its levels.
You also visited: Ossuary.

You collected 471 gold pieces.

Inventory:

Hand Weapons
 a - a +3 hand axe (weapon)
Armour
 b - a +0 animal skin
 f - +0 ice dragon scales
 g - a +0 ring mail (worn)
 m - a +1 kite shield of poison resistance
 r - a +0 cloak (worn)
Jewellery
 q - an amulet of regeneration (around neck)
Wands
 i - a wand of polymorph (7)
 k - a wand of flame (47)
 y - a wand of iceblast (4)
Scrolls
 h - 2 scrolls of remove curse
 j - 3 scrolls of amnesia
 o - 7 scrolls of teleportation
 v - 2 scrolls of magic mapping
 w - a scroll of blinking
 B - a scroll of brand weapon {unknown}
Potions
 d - 2 potions of ambrosia
 e - 4 potions of curing
 l - 3 potions of mutation {unknown}
 n - 2 potions of haste {unknown}
 p - 3 potions of might
 s - 2 potions of cancellation {unknown}
 t - 5 potions of heal wounds
 u - 2 potions of degeneration {unknown}
 x - 2 potions of brilliance {unknown}
 z - a potion of lignification {unknown}
 A - a potion of invisibility {unknown}
Comestibles
 c - 15 rations


   Skills:
 + Level 9.5 Fighting
 + Level 9.5 Axes
 + Level 9.1 Armour
 + Level 8.3 Dodging
 + Level 7.5 Shields


You had 9 spell levels left.
You didn't know any spells.
Your spell library was empty.

Dungeon Overview and Level Annotations

Branches:
Dungeon (10/15)            Temple (1/1) D:4            Lair (0/6) D:8
Ossuary (visited)
    Orc: D:9-12

Altars:
Ashenzari
Cheibriados
Dithmenos
Elyvilon
Fedhas
Gozag
Hepliaklqana
Kikubaaqudgha
Makhleb
Nemelex Xobeh
Okawaru
Qazlal
Ru
Sif Muna
Trog
Uskayaw
Vehumet
Wu Jian
Xom
Yredelemnul
Zin
The Shining One

Annotations:
D:10 Snorg


Innate Abilities, Weirdness & Mutations

You reflexively headbutt those who attack you in melee.
You have a pair of horns on your head.


Message History

You closely miss Snorg.
Snorg is moderately wounded.
Snorg closely misses you. You furiously retaliate!
You headbutt Snorg. Snorg claws you.
* * * LOW HITPOINT WARNING * * *
Snorg closely misses you.
You slash Snorg! You headbutt Snorg.
Snorg is heavily wounded.
You closely miss Snorg. Your headbutt misses Snorg.
Snorg is heavily wounded.
Snorg bites you!!
* * * LOW HITPOINT WARNING * * *
Snorg claws you!
* * * LOW HITPOINT WARNING * * *
Snorg barely misses you. The orc closely misses you.
You are too berserk!
You slash Snorg! Your headbutt misses Snorg.
Snorg is heavily wounded.
Snorg bites you!
You die...

#......../#
#.........#
#.........#
+.........#
#.........+
#..o......#
#...T)>...# #@# ###
##.# #.. ##..# #.#
##..## ##.#### #..##
......#######'######
..........##.†.....#
......###..'.†.....+
......# ####.†.....#


You could see Snorg (berserk) and an orc.

Vanquished Creatures
  An elephant (D:8)
  The ghost of raphialitos the Shield-Bearer, an amateur MiFi (D:3)
  Grinder (D:4)
  A wyvern (D:8)
  A yak (D:8)
  A basilisk (D:8)
  Menkaure (D:4)
  2 sky beasts
  3 phantoms
  3 orc warriors
  3 ogres
  2 necrophages
  6 centaurs
  A crocodile (D:8)
  A big kobold (D:8)
  Blork the orc (D:4)
  3 bullfrogs
  2 elf zombies (Ossuary)
  A wyvern skeleton (D:9)
  8 scorpions
  9 killer bees
  2 howler monkeys (D:4)
  2 crimson imps
  A centaur zombie (Ossuary)
  7 hounds
  Crazy Yiuf (D:3)
  6 orc priests
  A centaur skeleton (D:7)
  3 iguanas
  Natasha (twice) (D:3)
  5 orc wizards
  13 worker ants
  2 big kobold zombies (Ossuary)
  2 mummies (Ossuary)
  Robin (D:4)
  10 adders
  2 shadow imps
  2 oozes
  4 adder zombies
  An adder skeleton (D:9)
  5 worms
  3 dart slugs
  4 leopard geckos
  25 orcs
  2 ball pythons (D:3)
  8 giant cockroaches
  18 goblins
  8 hobgoblins
  7 jackals
  7 kobolds
  4 quokkas
  8 bats
  7 frilled lizards
  3 goblin zombies (Ossuary)
  4 hobgoblin zombies (Ossuary)
  13 kobold zombies (Ossuary)
  11 orc zombies (Ossuary)
  A quokka skeleton (D:9)
  5 rats
262 creatures vanquished.

Notes
Turn   | Place    | Note
-------+----------+-------------------------------------------
     0 | D:1      | queenofzan the Minotaur Berserker began the quest for the
                  | Orb.
     0 | D:1      | Reached XP level 1. HP: 19/19 MP: 0/0
    88 | D:1      | Reached XP level 2. HP: 23/27 MP: 1/1
   662 | D:1      | Reached XP level 3. HP: 29/33 MP: 2/2
   663 | D:1      | Reached ** piety under Trog
  1134 | D:2      | Reached XP level 4. HP: 34/41 MP: 3/3
  1780 | D:3      | Found a large runed translucent door.
  1780 | D:3      | Found a large runed translucent door.
  1780 | D:3      | Noticed raphialitos's ghost (amateur MiFi)
  2048 | D:3      | Found a faded altar of an unknown god.
  2343 | D:3      | Noticed Natasha
  2353 | D:3      | Killed Natasha
  2353 | D:3      | Reached XP level 5. HP: 41/47 MP: 4/4
  2566 | D:3      | Found a runed translucent door.
  2567 | D:3      | Noticed Crazy Yiuf
  2924 | D:4      | Noticed Grinder
  2927 | D:4      | Paralysed by Grinder for 5 turns
  2945 | D:4      | Killed Grinder
  2945 | D:4      | Reached skill level 5 in Fighting
  2945 | D:4      | Reached skill level 5 in Axes
  2945 | D:4      | Reached XP level 6. HP: 26/56 MP: 5/5
  3021 | D:4      | Noticed Robin
  3028 | D:4      | Killed Robin
  3030 | D:4      | Reached skill level 5 in Armour
  3030 | D:4      | Reached skill level 1 in Shields
  3030 | D:4      | Reached XP level 7. HP: 62/62 MP: 6/6
  3037 | D:4      | Reached *** piety under Trog
  3056 | D:4      | Noticed Blork the orc
  3069 | D:4      | Noticed Menkaure
  3070 | D:4      | Killed Blork the orc
  3179 | D:3      | Killed Crazy Yiuf
  3233 | D:3      | Noticed Natasha
  3239 | D:3      | Killed Natasha
  3281 | D:3      | Killed raphialitos's ghost
  3281 | D:3      | Reached skill level 5 in Dodging
  3408 | D:4      | Killed Menkaure
  3408 | D:4      | Reached XP level 8. HP: 62/71 MP: 7/7
  3567 | D:4      | Found a staircase to the Ecumenical Temple.
  3681 | D:5      | Entered Level 5 of the Dungeon
  3937 | D:5      | Found a snail-covered altar of Cheibriados.
  3987 | D:5      | Found a shadowy altar of Dithmenos.
  4791 | D:6      | Found a sparkling altar of Nemelex Xobeh.
  5119 | D:6      | Reached XP level 9. HP: 75/79 MP: 8/8
  5246 | D:6      | Found a sand-covered staircase.
  5257 | Ossuary  | Entered an ossuary
  5360 | Ossuary  | Reached skill level 5 in Shields
  5516 | D:6      | Reached **** piety under Trog
  5930 | Temple   | Entered the Ecumenical Temple
  6694 | D:8      | Found a snail-covered altar of Cheibriados.
  7142 | D:8      | Reached XP level 10. HP: 90/90 MP: 9/9
  7474 | D:8      | Noticed an elephant
  7488 | D:8      | Killed an elephant
  7493 | D:8      | Found a staircase to the Lair.
  8746 | D:10     | Entered Level 10 of the Dungeon
  8860 | D:10     | Noticed Snorg
  8876 | D:10     | HP: 1/136 [Snorg (14)]
  8877 | D:10     | Mangled by Snorg

Illustrated notes

Levels and vault maps discovered:
D:1:      dpeg_arrival_simpleton_c, layout_loops_cross
D:2:      layout_basic, minmay_hexomino_u4
D:3:      layout_basic, chequers_ecumenical_altar_simple,
          ebering_ghost_disaster_area, patterned_corridor, uniq_natasha,
          uniq_crazy_yiuf_cottage
D:4:      layout_rooms, minmay_temple_entry_from_below_a, uniq_grinder,
          uniq_robin, uniq_menkaure, uniq_blork_the_orc
D:5:      layout_loops_corners, grunt_dithmenos_shadows, first_ration,
          lemuel_statue_altar
D:6:      layout_basic, lightli_ossuary_entry_decrepit_ruins,
          nemelex_dance_club_becter
D:7:      layout_rooms
D:8:      lemuel_ice_spiral_2, layout_basic, david_lair_generic, basic_altar,
          roderic_lattice_a, blue_anna_alchemist [blue_anna_fruit_fields,
          blue_anna_fruit_fields]
D:9:      layout_stronghold, onia_ninara_dug_in_and_dangerous
D:10:     layout_roguey, uniq_joseph, uniq_maurice, uniq_snorg
Temple:   kilobyte_greek_temple

Skill      XL: |  1  2  3  4  5  6  7  8  9 10 |
---------------+-------------------------------+-----
Fighting       | 4 5 6 7 8 9 |  9.5
Axes           | 4 5 6 7 8 9 |  9.5
Armour         | 3 4 5 7 8 9 |  9.1
Dodging        | 3 4 5 6 7 8 |  8.3
Shields        | 1 3 4 6 7 |  7.5

Action                   |  1- 3 |  4- 6 |  7- 9 | 10-12 || total
-------------------------+-------+-------+-------+-------++-------
Melee: Hand axe          |    93 |   103 |   370 |   125 ||   691
       Headbutt          |    14 |    19 |    81 |    29 ||   143
Invok: Trog's Hand       |       |     3 |    13 |     5 ||    21
       Berserk           |       |     2 |     7 |     2 ||    11
  Use: Scroll            |       |     8 |     7 |     3 ||    18
  Eat: Chunk             |     1 |     8 |    14 |     3 ||    26
       Ration            |       |       |     3 |     2 ||     5
Armor: Animal skin       |     4 |       |       |       ||     4
       Ring mail         |    17 |    28 |    85 |    33 ||   163
Dodge: Dodged            |    48 |    65 |   228 |   116 ||   457
